[Event "*** Qualifier 4: Titled Tuesday 3|2 Blitz"]
[Site "Chess.com"]
[Date "2017.04.25"]
[Round "6"]
[White "Elshan1985"]
[Black "GrigorGrigorov"]
[Result "0-1"]
[WhiteElo "2499"]
[BlackElo "2515"]
[TimeControl "180+2"]
[EndTime "14:13:47 PDT"]
[Termination "GrigorGrigorov won by resignation"]

1. d4 Nf6 2. c4 e6 3. Nc3 Bb4 4.
g3 c5 5. Nf3 cxd4 6. Nxd4 Ne4 7. Qc2 Nxc3 8. bxc3 Be7 9. Bg2 a6 10. O-O Qc7 11. Rb1 O-O 12. Rd1 d6 13. Nb3 Nd7 14.
Bf4 Ne5 15. c5 dxc5 16. Qe4 f6 17. Bxe5 fxe5 18. Nd2 Rb8 19. Nc4 b5 20. Nxe5 Rb6 21. Qe3 c4 22. Nxc4 Bc5 0-1

[Event "*** Qualifier 4: Titled Tuesday 3|2 Blitz"]
[Site "Chess.com"]
[Date "2017.04.25"]
[Round "6"]
[White "brauliocuarta"]
[Black "Grootneus"]
[Result "0-1"]
[WhiteElo "2046"]
[BlackElo "2119"]
[TimeControl "180+2"]
[EndTime "14:13:49 PDT"]
[Termination "Grootneus won by resignation"]

1. d4 Nf6 2. c4 c5 3. d5 b5 4. Qc2 bxc4 5. e4 d6 6. Bxc4 g6 7. Nf3 Bg7 8. O-O O-O 9. h3 Nbd7 10. Re1 Nb6 11. Bf1 e6 12. dxe6 Bxe6 13. Nc3 d5 14. exd5 Nfxd5 15. Nxd5 Bxd5 16. Qxc5 Bxf3 17. gxf3 Rc8 18.
Qa5 Qf6 19. Bg2 Rfe8 20. Bg5 Qxb2 21. Qxa7 Bd4 22. Bh4 Nd5 23. Qd7 Red8 24. Qa4 Nf4 25. Bxd8 Qxf2+ 0-1

[Event "*** Qualifier 4: Titled Tuesday 3|2 Blitz"]
[Site "Chess.com"]
[Date "2017.04.25"]
[Round "6"]
[White "pKiLz5Rn9b"]
[Black "Alexander_Moskalenko"]
[Result "0-1"]
[WhiteElo "2436"]
[BlackElo "2635"]
[TimeControl "180+2"]
[EndTime "14:13:51 PDT"]
[Termination "Alexander_Moskalenko won by resignation"]

1. d4 d5 2. Nf3 Nf6 3. e3 c6 4.
Bd3 Bg4 5. Nbd2 Nbd7 6. O-O e5 7.
dxe5 Nxe5 8. Be2 Bd6 9. Nxe5 Bxe2 10. Nxf7 Bxh2+ 11. Kh1 Kxf7 12. Qxe2 Bc7 13. Nf3 Rf8 14. b3 Kg8 15. Bb2 Ne4 16. Kg1 Qd7 17. Be5 Rxf3 18. gxf3 Bxe5 19. fxe4 Qh3 20. f4 Qg3+ 21. Kh1 Bxa1 22.
Rxa1 Qh3+ 23. Kg1 Re8 24. exd5 Rxe3 25. Qh2 Rg3+ 26. Kh1 Qg4 27. Rg1 Qf3+ 28. Rg2 Rh3 0-1

[Event "*** Qualifier 4: Titled Tuesday 3|2 Blitz"]
[Site "Chess.com"]
[Date "2017.04.25"]
[Round "6"]
[White "MyleneFarmer"]
[Black "feigelag"]
[Result "0-1"]
[WhiteElo "2342"]
[BlackElo "2318"]
[TimeControl "180+2"]
[EndTime "14:14:04 PDT"]
[Termination "feigelag won by checkmate"]

1. d4 e6 2. c4 f5 3. Nf3 Nf6 4. g3 d5 5. Bg2 Bd6 6. O-O O-O 7. Nc3 c6 8. Qc2 Ne4 9. Nxe4 dxe4 10. Ne5 Nd7 11.
Bf4 Bxe5 12. Bxe5 Nxe5 13. dxe5 Qd4 14. Qc3 Qxc3 15. bxc3 b6 16. f3 exf3 17. Bxf3 Ba6 18. c5 Rad8 19. cxb6 axb6 20. Rfd1 c5 21. Rab1 Bc4 22. a3 b5 23. Kf2 Kf7 24. Bc6 Rd5 25. Bxd5 exd5 26. a4 bxa4 27. Rb6 Ra8 28. Rc6 a3 29. Ra1 a2 30. Rxc5 Ke6 31. Ke3 Kxe5 32. Rc7 g5 33. Re7+ Kd6 34. Rxh7 Re8+ 35. Kd4 Re4# 0-1

[Event "*** Qualifier 4: Titled Tuesday 3|2 Blitz"]
[Site "Chess.com"]
[Date "2017.04.25"]
[Round "6"]
[White "Hikaru"]
[Black "pastouche06"]
[Result "1-0"]
[WhiteElo "2935"]
[BlackElo "2333"]
[TimeControl "180+2"]
[EndTime "14:14:11 PDT"]
[Termination "Hikaru won by resignation"]

1. e4 c6 2. Nc3 d5 3. Nf3 Bg4 4. h3 Bxf3 5. Qxf3 Nf6 6. g3 dxe4 7.
Nxe4 Nxe4 8. Qxe4 Qd5 9. Bg2 e6 10. O-O Qxe4 11. Bxe4 Nd7 12. c3 Bd6 13. d4 O-O 14. Kg2 Rad8 15. Bg5 Rb8 16. a4 h6 17.
Bd2 e5 18. dxe5 Nxe5 19. b3 Rbd8 20. Be3 a6 21. Bb6 Rde8 22. Bf5 g6 23. Rad1 Bb8 24.
Bb1 f5 25. b4 Kg7 26. Ba2 f4 27. Rfe1 fxg3 28. fxg3 Nd3 29. Bd4+ Kh7 30. Rxe8 Rxe8 31. Rxd3 Re2+ 32. Kf3 Rxa2 33. Re3 Bd6 34. Re6 Bf8 35.
Rf6 1-0

[Event "*** Qualifier 4: Titled Tuesday 3|2 Blitz"]
[Site "Chess.com"]
[Date "2017.04.25"]
[Round "6"]
[White "NMJeevanK"]
[Black "stepanosinovsky"]
[Result "1-0"]
[WhiteElo "2401"]
[BlackElo "2260"]
[TimeControl "180+2"]
[EndTime "14:14:29 PDT"]
[Termination "NMJeevanK won by resignation"]

1. e4 e5 2. Nf3 Nc6 3. Bb5 a6 4.
Ba4 Nf6 5. O-O Be7 6. Re1 b5 7.
Bb3 O-O 8. d4 Nxd4 9. Nxd4 exd4 10. e5 Ne8 11. c3 d6 12. Qf3 Rb8 13. cxd4 Bb7 14. Qh3 c5 15. dxc5 dxe5 16. Nc3 Bxc5 17. Rxe5 Qb6 18. Be3 Bxe3 19. Rxe3 Nf6 20. Rg3 Ne4 21.
Nxe4 Bxe4 22. Re1 Bg6 23. Rge3 a5 24. Qf3 a4 25. Bd5 b4 26. h4 Rbd8 27. h5 Bc2 28. Re8 h6 29. Qxf7+ 1-0

[Event "*** Qualifier 4: Titled Tuesday 3|2 Blitz"]
[Site "Chess.com"]
[Date "2017.04.25"]
[Round "6"]
[White "r31415"]
[Black "Alex_Molchanov"]
[Result "0-1"]
[WhiteElo "2195"]
[BlackElo "2435"]
[TimeControl "180+2"]
[EndTime "14:14:32 PDT"]
[Termination "Alex_Molchanov won by resignation"]

1. e4 e6 2. d4 d5 3. Nc3 Bb4 4. e5 Ne7 5. a3 Bxc3+ 6. bxc3 c5 7. Qg4 Kf8 8. Bd3 Qa5 9. Bd2 Qa4 10. Ra2 c4 11. Bf1 Qb5 12. Qd1 f5 13. exf6 gxf6 14. Bh6+ Kf7 15. Ne2 Nbc6 16. Ng3 Bd7 17. Ra1 Rag8 18.
Rb1 Qa5 19. Bd2 b6 20. Qc1 h5 21. Be2 h4 22. Nh5 Rxg2 23. Nf4 Rgg8 24. Bh5+ Rxh5 25. Nxh5 e5 26. dxe5 Nxe5 27. Qd1 Bg4 0-1

[Event "*** Qualifier 4: Titled Tuesday 3|2 Blitz"]
[Site "Chess.com"]
[Date "2017.04.25"]
[Round "6"]
[White "Outsmiter"]
[Black "pawnwonder"]
[Result "0-1"]
[WhiteElo "2035"]
[BlackElo "1851"]
[TimeControl "180+2"]
[EndTime "14:14:36 PDT"]
[Termination "pawnwonder won by resignation"]

1. e4 d6 2. d4 Nf6 3. Nc3 g6 4.
f4 Bg7 5. Nf3 O-O 6. e5 dxe5 7.
fxe5 Nd5 8. Bc4 Be6 9. Bb3 c5 10.
O-O cxd4 11. Qxd4 Nxc3 12. Qxc3 Bxb3 13. axb3 Nc6 14. Bf4 Qc7 15. Rae1 e6 16. Ng5 h6 17. Ne4 Rac8 18. Nf6+ Kh8 19. Qh3 h5 20. Rf3 Nd4 21. Rg3 Nf5 22. Rc3 Qb6+ 23. Kh1 Rxc3 24. bxc3 Qf2 25.
Bg3 Qxc2 26. Nxh5 gxh5 27. Qxh5+ Kg8 28. Bf4 Qf2 0-1

[Event "*** Qualifier 4: Titled Tuesday 3|2 Blitz"]
[Site "Chess.com"]
[Date "2017.04.25"]
[Round "6"]
[White "roldieyi"]
[Black "rithwik2002"]
[Result "0-1"]
[WhiteElo "2101"]
[BlackElo "1810"]
[TimeControl "180+2"]
[EndTime "14:14:51 PDT"]
[Termination "rithwik2002 won on time"]

1. d4 Nf6 2. Nf3 g6 3. c4 Bg7 4. Nc3 O-O 5. e4 d6 6. Be2 Na6 7. O-O e5 8. d5 Nc5 9. Bg5 h6 10. Bxf6 Qxf6 11. b4 Na6 12. a3 g5 13. Ne1 Qg6 14.
Nd3 f5 15. f3 f4 16. Nf2 h5 17.
Rc1 Bh6 18. Qb3 g4 19. fxg4 hxg4 20. g3 fxg3 21. hxg3 Bxc1 22. Rxc1 Qg5 23. Qb2 Qe3 24. Bf1 Qxg3+ 25. Bg2 Qe3 26. Rf1 g3 0-1

[Event "*** Qualifier 4: Titled Tuesday 3|2 Blitz"]
[Site "Chess.com"]
[Date "2017.04.25"]
[Round "6"]
[White "arna"]
[Black "aa175"]
[Result "1-0"]
[WhiteElo "2074"]
[BlackElo "1805"]
[TimeControl "180+2"]
[EndTime "14:14:51 PDT"]
[Termination "arna won by checkmate"]

1. e4 e5 2. Nf3 Nc6 3. d4 exd4 4. Nxd4 Nxd4 5. Qxd4 d5 6. exd5 Nf6 7. Nc3 Be6 8.
Bg5 Be7 9. O-O-O Bg4 10. Re1 O-O 11. Bxf6 Bxf6 12. Qxg4 Bxc3 13. bxc3 Qxd5 14. Bc4 Qa5 15. Re3 b5 16. Rg3 g6 17. Bb3 Qa3+ 18. Kb1 a5 19. Qf5 a4 20. Rxg6+ hxg6 21. Qxg6+ Kh8 22. Bxf7 Qd6 23.
Qh5+ Kg7 24. Bd5 Rad8 25. Qg5+ Kh8 26. Be4 a3 27. Bd3 Qf6 28. Qh5+ Kg7 29. Qh7# 1-0

[Event "*** Qualifier 4: Titled Tuesday 3|2 Blitz"]
[Site "Chess.com"]
[Date "2017.04.25"]
[Round "6"]
[White "theprosecution1"]
[Black "iturrizaga"]
[Result "0-1"]
[WhiteElo "2605"]
[BlackElo "2667"]
[TimeControl "180+2"]
[EndTime "14:15:08 PDT"]
[Termination "iturrizaga won by resignation"]

1. e4 c5 2. Nf3 g6 3. c3 Nf6 4. e5 Nd5 5. d4 cxd4 6. cxd4 Bg7 7. Nc3 Nxc3 8. bxc3 O-O 9. Be2 d6 10. exd6 Qxd6 11. O-O b6 12. a4 Nc6 13. Ba3 Qc7 14. Re1 Rd8 15. Bb5 e6 16. Qe2 Na5 17.
Rac1 Bb7 18. Ng5 Rac8 19. h4 Rd5 20. Qg4 Rf5 21. Ne4 Rxb5 22. axb5 f5 23. Qg3 Bxe4 24. Bd6 Qd7 25. Be5 Bxe5 26. dxe5 Nc4 27. Rcd1 Bd5 28.
f3 Qxb5 29. h5 Qe8 30. Rd4 Rc7 31. Rh4 Rg7 32. hxg6 Qxg6 33. Qf2 a5 34. Rd1 Qg5 35. Rhd4 Nxe5 36. c4 Nxf3+ 0-1

[Event "*** Qualifier 4: Titled Tuesday 3|2 Blitz"]
[Site "Chess.com"]
[Date "2017.04.25"]
[Round "6"]
[White "RichardLeyvaP"]
[Black "Makalexa"]
[Result "0-1"]
[WhiteElo "2401"]
[BlackElo "2199"]
[TimeControl "180+2"]
[EndTime "14:15:12 PDT"]
[Termination "Makalexa won on time"]

1. e4 e5 2. Nf3 Nc6 3. Bb5 a6 4. Bxc6 dxc6 5. Nc3 Bd6 6. d4 exd4 7. Nxd4 c5 8. Nb3 Be6 9. O-O Qe7 10. Be3 O-O-O 11.
Qe2 Nf6 12. f3 h5 13. Rad1 h4 14. Na4 Bxb3 15. cxb3 Qe5 16. Rxd6 cxd6 17. b4 Nd7 18. bxc5 dxc5 19. Rc1 Kb8 20. b4 cxb4 21. Qf2 Qd6 22. e5 Qxe5 23. Ba7+ Ka8 24. Rd1 Qb5 25. Nb2 b6 0-1

[Event "*** Qualifier 4: Titled Tuesday 3|2 Blitz"]
[Site "Chess.com"]
[Date "2017.04.25"]
[Round "6"]
[White "Blitzstream"]
[Black "GamayevOleg"]
[Result "1-0"]
[WhiteElo "2442"]
[BlackElo "2336"]
[TimeControl "180+2"]
[EndTime "14:15:19 PDT"]
[Termination "Blitzstream won by resignation"]

1. g3 c6 2. Bg2 d5 3. e3 g6 4. Ne2 Bg7 5. d3 Nf6 6. Nd2 O-O 7. h3 Nbd7 8. a3 Re8 9. O-O a5 10. Rb1 a4 11. b4 axb3 12. cxb3 Qa5 13. Bb2 Nh5 14. Bxg7 Nxg7 15. Ra1 Ne5 16. Qc2 Bxh3 17.
b4 Qa6 18. Bxh3 Nxd3 19. Nd4 e5 20. b5 cxb5 21. Qxd3 exd4 22. Qxd4 Ne6 23. Qxd5 Red8 24.
Qa2 Nc5 25. Nb3 Ne4 26. Nd4 b4 27. Qc2 Nc3 28. axb4 Qc4 29. Rxa8 Rxa8 30. Rc1 Ra3 31. Qb2 Qa6 32. Rxc3 Ra1+ 33. Rc1 1-0

[Event "*** Qualifier 4: Titled Tuesday 3|2 Blitz"]
[Site "Chess.com"]
[Date "2017.04.25"]
[Round "6"]
[White "bugsbunny444"]
[Black "djano"]
[Result "0-1"]
[WhiteElo "2352"]
[BlackElo "2433"]
[TimeControl "180+2"]
[EndTime "14:15:19 PDT"]
[Termination "djano won by resignation"]

1. Nf3 e6 2. c4 Nf6 3. g3 d5 4.
Bg2 Be7 5. O-O O-O 6. b3 a5 7. Nc3 b6 8. d4 Bb7 9. Ne5 Nbd7 10.
Bf4 Ne4 11. Nxe4 dxe4 12. Qc2 f5 13. Rfd1 a4 14. f3 Nf6 15. Bg5 axb3 16. Qxb3 Ra3 17.
Qb2 Qa8 18. Nd7 Rd8 19. Nxf6+ gxf6 20. Bf4 Rd7 21. d5 Bc5+ 22. Kh1 e5 23. Bxe5 fxe5 24. Qxe5 Qf8 25. fxe4 Re7 26. Qb2 fxe4 27. Rf1 Qg7 28. Rf6 Rf7 29. Raf1 Rxf6 30. Rxf6 Be7 0-1

[Event "*** Qualifier 4: Titled Tuesday 3|2 Blitz"]
[Site "Chess.com"]
[Date "2017.04.25"]
[Round "6"]
[White "gumersindo"]
[Black "politeplayer"]
[Result "1-0"]
[WhiteElo "2283"]
[BlackElo "2182"]
[TimeControl "180+2"]
[EndTime "14:15:25 PDT"]
[Termination "gumersindo won by resignation"]

1. d4 d5 2. c4 e6 3. Nc3 c5 4. Nf3 cxd4 5. Qxd4 Nc6 6. Qd1 dxc4 7.
e3 Qxd1+ 8. Kxd1 Na5 9. Nd2 Bd7 10. Nxc4 Nxc4 11. Bxc4 Bc6 12. f3 Bb4 13. Bd2 O-O-O 14. Ke2 Nf6 15. Rac1 Kb8 16. a3 Be7 17. e4 Nd7 18.
Be3 Ne5 19. Bb5 Bxb5+ 20. Nxb5 a6 21. Bf4 f6 22. Bxe5+ fxe5 23. Nc3 Rd4 24. Rhd1 Rhd8 25. Rc2 g5 26. Rcd2 h5 27. Rxd4 exd4 28. Nb1 Bf6 29. Kd3 Be5 30. h3 g4 31. hxg4 hxg4 32. Nd2 gxf3 33. gxf3 Bf4 34. Nb3 Be3 35. a4 Rf8 36. Rf1 b6 37. Nxd4 Bxd4 38. Kxd4 Rd8+ 39. Kc3 Kc7 40.
f4 Rf8 41. f5 e5 42. Kc4 Rf6 43. Rg1 Rc6+ 44. Kd5 Rc5+ 45. Ke6 Rc2 46. f6 Rxb2 47. Rf1 Rh2 48. f7 Rh6+ 49. Kxe5 1-0

[Event "*** Qualifier 4: Titled Tuesday 3|2 Blitz"]
[Site "Chess.com"]
[Date "2017.04.25"]
[Round "6"]
[White "Beca95"]
[Black "tigra"]
[Result "1-0"]
[WhiteElo "2695"]
[BlackElo "2600"]
[TimeControl "180+2"]
[EndTime "14:15:42 PDT"]
[Termination "Beca95 won by resignation"]

1. d4 Nf6 2. c4 g6 3. Nc3 d5 4.
Nf3 Bg7 5. Qb3 dxc4 6. Qxc4 O-O 7. e4 Na6 8. e5 Nd7 9. e6 fxe6 10. Be3 Nb6 11. Qb3 Nd5 12. Nxd5 exd5 13. Bxa6 bxa6 14. Rc1 Bh3 15. Ng5 Rb8 16. Qc3 Bf5 17. O-O c5 18. Qxc5 Rxb2 19. Nf3 Qd6 20. Qxa7 Rxa2 21. Rc7 Bf6 22.
Ne5 Rb2 23. Rc6 Qb4 24. Rxa6 Bxe5 25. dxe5 Bd3 26. Rb6 Qc3 27. Rxb2 Qxb2 28. Re1 Qxe5 29. Bd2 Qf6 30. Rxe7 d4 31. f3 g5 32. h3 h6 33. Rb7 Bg6 34. Rb6 Qf7 35. Qa6 Bf5 36. Rxh6 Re8 37. Qd6 d3 38. Bc3 Qa7+ 39. Kh2 Bh7 40.
Qd5+ Kf8 41. Rf6+ 1-0

[Event "*** Qualifier 4: Titled Tuesday 3|2 Blitz"]
[Site "Chess.com"]
[Date "2017.04.25"]
[Round "6"]
[White "aRk_iN"]
[Black "Schemato"]
[Result "1-0"]
[WhiteElo "2107"]
[BlackElo "2229"]
[TimeControl "180+2"]
[EndTime "14:15:43 PDT"]
[Termination "aRk_iN won by resignation"]

1. e4 e6 2. d4 d5 3. Nc3 Nf6 4.
e5 Nfd7 5. f4 c5 6. Nf3 Nc6 7.
Be3 Be7 8. Qd2 O-O 9. dxc5 Bxc5 10. O-O-O Qa5 11. Bxc5 Nxc5 12. Kb1 Rb8 13. Nd4 Na4 14. Ncb5 Qxd2 15. Rxd2 a6 16. Nd6 Nc5 17. Be2 f5 18.
Rf1 Nxd4 19. Rxd4 Ne4 20. Nxe4 fxe4 21. c4 dxc4 22. Bxc4 b5 23. Bb3 Rb6 24. Rxe4 Bb7 25.
Re2 Rd8 26. g3 Bd5 27. Rd2 Be4+ 28. Kc1 Rc6+ 29. Kd1 Rxd2+ 30. Kxd2 a5 31. Rc1 Rb6 32. a3 Bf5 33. Rc7 b4 34. a4 Kf8 35. Ra7 Rb8 36.
Rxa5 Rd8+ 37. Ke2 Bg4+ 38. Ke3 Bd1 39. Bxe6 Bc2 40. Ra7 Rd3+ 41. Ke2 Rd4 42. a5 b3 43. Rf7+ Ke8 44. Rxg7 Ra4 45. Rb7 Ra2 46.
Bxb3 Rxb2 47. Bf7+ 1-0

[Event "*** Qualifier 4: Titled Tuesday 3|2 Blitz"]
[Site "Chess.com"]
[Date "2017.04.25"]
[Round "6"]
[White "Malev212"]
[Black "hansen"]
[Result "0-1"]
[WhiteElo "2458"]
[BlackElo "2655"]
[TimeControl "180+2"]
[EndTime "14:15:45 PDT"]
[Termination "hansen won by resignation"]

1. Nf3 Nf6 2. g3 g6 3. b3 b6 4. Bb2 Bg7 5. Bg2 Bb7 6. c4 O-O 7. O-O c5 8. Nc3 d6 9. e3 e6 10. d4 Qe7 11. Re1 Rd8 12. e4 cxd4 13. Nxd4 Nbd7 14.
Qe2 a6 15. Rad1 Nc5 16. f4 Qc7 17. Ba1 Rac8 18. Kh1 Ba8 19. Nc2 Qb8 20. Rd2 h5 21. h3 b5 22. cxb5 axb5 23. Nb4 Qb6 24. Red1 Qa5 25. e5 Bxg2+ 26. Kxg2 Qxb4 27. Rd4 Qa3 28. exf6 Bxf6 29. Rxd6 Rxd6 30. Rxd6 Nxb3 31. Nxb5 Qa8+ 32. Qf3 Rc2+ 0-1

[Event "*** Qualifier 4: Titled Tuesday 3|2 Blitz"]
[Site "Chess.com"]
[Date "2017.04.25"]
[Round "6"]
[White "Sebastian"]
[Black "EgorGeroev"]
[Result "0-1"]
[WhiteElo "2720"]
[BlackElo "2564"]
[TimeControl "180+2"]
[EndTime "14:16:00 PDT"]
[Termination "EgorGeroev won by resignation"]

1. e4 c5 2. Nf3 d6 3. d4 cxd4 4.
Nxd4 Nf6 5. Nc3 a6 6. Bg5 e6 7. f4 Qb6 8. Qd2 Qxb2 9. Rb1 Qa3 10. e5 dxe5 11. fxe5 h6 12. Bh4 g5 13. exf6 gxh4 14. Be2 Qa5 15. O-O Qg5 16. Qd3 h3 17.
Bf3 hxg2 18. Rf2 Nd7 19. Bxb7 Bxb7 20. Rxb7 Bd6 21. Rxg2 Qc1+ 22. Kf2 Nc5 23. Qf3 Nxb7 24. Qc6+ Kf8 25. Qxb7 Qf4+ 26. Ke2 Re8 27. Ne4 Rg8 28.
Rxg8+ Kxg8 29. Kd3 Be5 30. c3 Bxd4 31. cxd4 Rb8 32.
Qc6 Qf3+ 33. Kd2 Kh8 34. h4 Rg8 0-1

[Event "*** Qualifier 4: Titled Tuesday 3|2 Blitz"]
[Site "Chess.com"]
[Date "2017.04.25"]
[Round "6"]
[White "Gordima"]
[Black "Goala"]
[Result "1-0"]
[WhiteElo "2509"]
[BlackElo "2345"]
[TimeControl "180+2"]
[EndTime "14:16:07 PDT"]
[Termination "Gordima won by checkmate"]

1. e4 e6 2. d4 d5 3. e5 c5 4. c3 Nc6 5. Nf3 Nh6 6. Bd3 cxd4 7.
cxd4 Nf5 8. Bxf5 exf5 9. Nc3 Be6 10. a3 Be7 11. h4 h6 12. Be3 Rc8 13. Rc1 Qa5 14.
O-O Qd8 15. h5 g5 16. hxg6 fxg6 17. Nd2 g5 18. f4 g4 19. b4 h5 20. Nb3 b6 21.
Qd3 Kf7 22. Nb5 h4 23. Rc2 Qd7 24. Rfc1 a6 25. Nd6+ Bxd6 26. exd6 Qxd6 27. Qxa6 Ne7 28. Nc5 g3 29. Nb7 Qb8 30. Qxb6 h3 31. Nd6+ Kf6 32. Nxc8 h2+ 33. Kh1 Rxc8 34. Qxb8 Rxb8 35. Bd2 Bf7 36. Rc3 Rg8 37. Be1 Bh5 38. Bxg3 Bg4 39. Kxh2 Ng6 40. Rc6+ Ke7 41. Rc7+ Kd6 42. R1c6# 1-0

[Event "*** Qualifier 4: Titled Tuesday 3|2 Blitz"]
[Site "Chess.com"]
[Date "2017.04.25"]
[Round "6"]
[White "rubhani"]
[Black "daro94"]
[Result "1-0"]
[WhiteElo "2441"]
[BlackElo "2715"]
[TimeControl "180+2"]
[EndTime "14:16:09 PDT"]
[Termination "rubhani won by resignation"]

1. e4 e5 2. Nf3 Nc6 3. Bb5 a6 4.
Ba4 Nf6 5. O-O Be7 6. d3 b5 7.
Bb3 d6 8. c3 O-O 9. Re1 Na5 10.
Bc2 c5 11. Nbd2 Nc6 12. Nf1 Re8 13. Ng3 Bf8 14. h3 h6 15. a3 d5 16. exd5 Qxd5 17.
a4 Bb7 18. Bb3 Qd7 19. axb5 axb5 20. Rxa8 Bxa8 21. Qe2 Rd8 22. Nxe5 Nxe5 23. Qxe5 Qc6 24. Ne4 Rxd3 25. Bc2 Nxe4 26. Bxd3 Nxf2 27. Kxf2 Qxg2+ 28. Ke3 c4 29. Bf1 Qc2 30. Bd2 f6 31. Qxb5 Bd6 32. Qxc4+ Kh8 33. Bd3 Bf4+ 34. Qxf4 Qxb2 35. Rb1 Qa3 36.
Rb8+ 1-0

[Event "*** Qualifier 4: Titled Tuesday 3|2 Blitz"]
[Site "Chess.com"]
[Date "2017.04.25"]
[Round "6"]
[White "Rodalquilar"]
[Black "GMOratovsky"]
[Result "1-0"]
[WhiteElo "2538"]
[BlackElo "2319"]
[TimeControl "180+2"]
[EndTime "14:16:15 PDT"]
[Termination "Rodalquilar won on time"]

1. d4 Nf6 2. Bf4 g6 3. e3 Bg7 4.
Nf3 O-O 5. Be2 d6 6. O-O c5 7. c3 cxd4 8. exd4 Nc6 9. h3 Qb6 10. Nbd2 Qxb2 11. Nc4 Qb5 12. Nxd6 Qa5 13. Nxc8 Raxc8 14. c4 e6 15. Rb1 Rfd8 16. Rxb7 Qxa2 17. Qa1 Qxa1 18. Rxa1 Ne4 19. Be3 Nd6 20. Rbb1 Nf5 21. Bf1 Nfxd4 22. Nxd4 Bxd4 23. Bxd4 Rxd4 24. Rb7 a5 25. g3 Kg7 26. Ra4 Rd1 27. Kg2 Rc1 28. Be2 Nd4 29. Bf1 Rc5 30. Ra7 Nc6 31. Rc7 Rb1 32.
Be2 Rb4 33. Rxb4 axb4 34. Bf3 b3 35. Rxc6 b2 36. Rb6 Rxc4 37. Rxb2 Rc7 38. h4 h5 39. Be4 Rc4 40. Kf3 Rc3+ 41. Ke2 Rc4 42. Kd3 Rc7 43. Ke3 Kf6 44. Rb5 Rc3+ 45. Kd4 Rc7 46.
Rb7 Rc1 47. Ke3 Rc3+ 48. Ke2 Rc5 49. Bd3 Re5+ 50. Kf3 Rc5 51. Bb5 Rc3+ 52. Kg2 Rb3 53. Bc6 Rxg3+ 54. fxg3 1-0

[Event "*** Qualifier 4: Titled Tuesday 3|2 Blitz"]
[Site "Chess.com"]
[Date "2017.04.25"]
[Round "6"]
[White "Winehouse83"]
[Black "Enzy63"]
[Result "1-0"]
[WhiteElo "2265"]
[BlackElo "2014"]
[TimeControl "180+2"]
[EndTime "14:16:19 PDT"]
[Termination "Winehouse83 won by resignation"]

1. d4 Nf6 2. c4 g6 3. Nc3 Bg7 4.
e4 d6 5. Be2 O-O 6. Bg5 h6 7.
Be3 e5 8. d5 Na6 9. Qd2 Nc5 10.
f3 a5 11. O-O-O h5 12. Nh3 Bxh3 13. gxh3 Qd7 14. Bf1 Na4 15. Nxa4 Qxa4 16. Kb1 Nd7 17. Rg1 Nc5 18. Be2 Qd7 19. Rg3 a4 20. Rdg1 a3 21.
b3 c6 22. dxc6 Qxc6 23. Qd5 Qxd5 24. cxd5 Rfc8 25. Rc1 Na6 26. Rxc8+ Rxc8 27. Bxa6 bxa6 28. Bd2 Kf8 29. Rg1 Ke7 30. Rc1 Rxc1+ 31. Bxc1 Kd7 32. Bxa3 Bh6 33. Bc1 Bf8 34. Kc2 Kc7 35. Kd3 Be7 36. Kc4 f5 37. Bd2 f4 38. Ba5+ Kb7 39. b4 Bh4 40. a3 Bg3 41. Bd8 Bxh2 42. b5 axb5+ 43. Kxb5 Bg1 44. a4 Bc5 45. a5 Bd4 46. a6+ Ka7 47.
Kc6 Bc5 48. Be7 Kxa6 49. Bxd6 Bd4 50. Be7 Bf2 51. d6 Bb6 52. d7 Ba5 53. d8=Q Bxd8 54.
Bxd8 Ka7 55. Bf6 Ka8 56. Bxe5 g5 57. Bf6 g4 58. hxg4 hxg4 59. fxg4 f3 60. Bd4 1-0

[Event "*** Qualifier 4: Titled Tuesday 3|2 Blitz"]
[Site "Chess.com"]
[Date "2017.04.25"]
[Round "6"]
[White "Cayse"]
[Black "jcibarra"]
[Result "1-0"]
[WhiteElo "2660"]
[BlackElo "2686"]
[TimeControl "180+2"]
[EndTime "14:16:33 PDT"]
[Termination "Cayse won by checkmate"]

1. e4 e5 2. Nf3 Nc6 3. Bc4 Bc5 4. c3 Nf6 5. d4 exd4 6. e5 d5 7.
Bb5 Ne4 8. cxd4 Bb6 9. Nc3 O-O 10. Be3 f6 11. Qb3 Nxc3 12. Bxc6 bxc6 13. Qxc3 Bg4 14. exf6 Qxf6 15. Ne5 Bh5 16. O-O Rad8 17. Nxc6 Rd6 18. Ne5 Be8 19. f4 Qf5 20. b4 Ba4 21. Rac1 h5 22.
Rfe1 h4 23. h3 a6 24. Qa3 Bb5 25. Qb3 Kh7 26. a4 Bc4 27. Nxc4 dxc4 28. Qxc4 Rg6 29. Qc2 Qd5 30. Qf2 Kg8 31. Red1 Rg3 32. a5 Ba7 33. Rxc7 Bb8 34. Rc5 Qb3 35. Re1 Qxb4 36. Bd2 Qb7 37. Qe2 Ba7 38. Qc4+ Kh7 39. Rh5+ Kg6 40.
Qc2+ Kf7 41. Qc4+ Kg6 42. Qc2+ Kf7 43. Qf5+ Kg8 44. Qh7+ Kf7 45. Rf5# 1-0

[Event "*** Qualifier 4: Titled Tuesday 3|2 Blitz"]
[Site "Chess.com"]
[Date "2017.04.25"]
[Round "6"]
[White "Shivagami"]
[Black "abubakrtagelsir"]
[Result "0-1"]
[WhiteElo "1950"]
[BlackElo "2146"]
[TimeControl "180+2"]
[EndTime "14:16:37 PDT"]
[Termination "abubakrtagelsir won by resignation"]

1. d4 d5 2. Bf4 Nf6 3. e3 c5 4. c3 Nc6 5. Nd2 Qb6 6. Qb3 c4 7.
Qc2 Bg4 8. f3 Bh5 9. e4 Bg6 10.
Ne2 e6 11. Ng3 Be7 12. h4 h6 13. Qc1 Rc8 14. Be2 Qd8 15. Bd1 b5 16. Bc2 dxe4 17. fxe4 Nh5 18. Nxh5 Bxh5 19. Bg3 O-O 20. Nf3 b4 21.
Qe3 bxc3 22. bxc3 Rb8 23. Rb1 Rxb1+ 24. Bxb1 Qa5 25. O-O Bg6 26. Nd2 Qh5 27. Qf2 Na5 28. Bc2 Rc8 29. Rb1 Nc6 30. a4 Qa5 31. Qf3 Nxd4 32.
Qd1 Qxc3 33. Rc1 Qxg3 34. Nf1 Qxh4 35. g3 Qg5 36. Kg2 Nxc2 37. Qxc2 Bxe4+ 0-1

[Event "*** Qualifier 4: Titled Tuesday 3|2 Blitz"]
[Site "Chess.com"]
[Date "2017.04.25"]
[Round "6"]
[White "underdogchss"]
[Black "XDPS"]
[Result "1-0"]
[WhiteElo "2405"]
[BlackElo "2524"]
[TimeControl "180+2"]
[EndTime "14:16:47 PDT"]
[Termination "underdogchss won by resignation"]

1. d4 d5 2. Nf3 Nf6 3. c4 c6 4.
Nc3 e6 5. Bg5 Nbd7 6. e3 Qa5 7.
cxd5 Nxd5 8. Qd2 Bb4 9. Rc1 b6 10. a3 Bxc3 11. bxc3 Ba6 12. c4 Qxd2+ 13. Nxd2 N5f6 14.
f3 c5 15. Bh4 Rc8 16. Be2 O-O 17. O-O Rfe8 18. Nb3 cxd4 19. exd4 e5 20. Rfe1 exd4 21. Nxd4 h6 22. Nf5 Rc5 23. Nd6 Re6 24. Rcd1 Rce5 25.
Bf1 Rxe1 26. Bxe1 Nc5 27. Bf2 Na4 28. Nb5 Re7 29. Rd8+ Kh7 30. Bd3+ g6 31. Bh4 Kg7 32. Rd6 g5 33. Bf2 Nb2 34. Bd4 Re1+ 35. Bf1 Nxc4 36. Bxf6+ Kh7 37. Rd8 Bxb5 38. Kf2 Rxf1+ 39. Kxf1 Nxa3+ 40. Kf2 Bc4 41. Bb2 Nc2 42. g4 f6 43. Bxf6 a5 44. Bc3 a4 45. h4 gxh4 46. f4 a3 47. f5 1-0

[Event "*** Qualifier 4: Titled Tuesday 3|2 Blitz"]
[Site "Chess.com"]
[Date "2017.04.25"]
[Round "6"]
[White "poummba"]
[Black "TregubovP"]
[Result "0-1"]
[WhiteElo "2359"]
[BlackElo "2292"]
[TimeControl "180+2"]
[EndTime "14:16:50 PDT"]
[Termination "TregubovP won by resignation"]

1. e4 c5 2. Nf3 e6 3. d4 cxd4 4.
Nxd4 Nc6 5. Nc3 Nf6 6. Ndb5 Bb4 7.
a3 Bxc3+ 8. Nxc3 d5 9. exd5 exd5 10. Bd3 O-O 11. O-O d4 12. Ne4 Bf5 13. Bg5 Bxe4 14. Bxe4 h6 15. Bxc6 bxc6 16. Bxf6 Qxf6 17. Qd2 c5 18. Rad1 Rfd8 19. Rfe1 Rd6 20. Qa5 Qf5 21. Re2 Rg6 22. g3 Qf3 23. Rde1 Rg5 24. h4 Rf5 25. b4 c4 26. Qc7 d3 27. cxd3 cxd3 28. Rd2 Rd5 29. Re3 Qf5 30. Kg2 Rc8 31. Qxa7 Rd7 32. Qa6 Qd5+ 33. Rf3 Rc3 34. Qb6 Rd6 35. Qe3 Re6 36.
Qf4 Rf6 37. Qe3 Rxa3 38. Rxd3 Rxf3 39. Rxd5 Rfxe3 40. fxe3 Rxe3 41. Rd8+ Kh7 42. Rb8 Rb3 43. b5 h5 44. b6 Kg6 45. Kf2 Kf5 46. b7 g6 47. Kg2 Kg4 48. Kf2 Rb2+ 49. Ke3 Kxg3 50.
Ke4 Kxh4 51. Ke5 Rb6 52. Kf4 g5+ 53. Kf5 g4 54. Kf4 g3 55. Kf3 Kh3 56. Rh8 Rb3+ 57.
Kf4 Rxb7 58. Rxh5+ Kg2 59. Rg5 Rb4+ 60. Kf5 Kf2 0-1